 Dungeon Crawl Stone Soup version 0.29.1-15-g9cfb28693d (webtiles) character file.

Game seed: 17628022457441328739

2296 Charmandara the Cleaver (level 9, 0/45 (46) HPs)
             Began as a Vine Stalker Cinder Acolyte on Apr 26, 2023.
             Was a Priest of Ignis.
             Slain by an orc warrior
             ... wielding a +0 scimitar
              (12 damage)
             ... on level 9 of the Dungeon.
             The game lasted 00:15:32 (2262 turns).

Charmandara the Cleaver (VSCA)                      Turns: 2262, Time: 00:15:32

HP:   0/45 (46)     AC:  6    Str: 22    XL:     9   Next: 40%
MP:   0/11          EV: 11    Int: 14    God:    Ignis [***...]
Gold: 184           SH:  0    Dex:  9    Spells: 8/10 levels left

rFire   + . .      SeeInvis +   a - +1 hand axe (flame)
rCold   . . .      Faith    .   (no shield)
rNeg    . . .      Spirit   +   f - +0 leather armour
rPois   .          Reflect  .   q - +0 helmet
rElec   .          Harm     .   (no cloak)
rCorr   .          Rampage  .   (no gloves)
Will    +....                   i - +1 pair of boots
Stlth   +.........              (no amulet)
HPRegen 0.95/turn               A - ring of see invisible
MPRegen 0.12/turn               (no ring)

@: lightly drained
A: fangs 3, regeneration 1, magic shield, antimagic bite, no potion heal 2
a: Renounce Religion, Fiery Armour, Foxfire Swarm, Rising Flame


You were on level 9 of the Dungeon.
You worshipped Ignis.
Ignis was most pleased with you.
You visited 1 branch of the dungeon, and saw 9 of its levels.
You also visited: Sewer and Ossuary.

You collected 184 gold pieces.

Inventory:

Hand Weapons
 a - a +1 hand axe of flaming (weapon)
Missiles
 c - 6 javelins (quivered)
Armour
 b - a +0 robe
 e - a +0 pair of boots
 f - a +0 leather armour (worn)
 h - a +0 scale mail
 i - a +1 pair of boots (worn)
 k - a +0 ring mail
 q - a +0 helmet (worn)
Jewellery
 A - a ring of see invisible (left hand)
Wands
 t - a wand of flame (15)
 F - a wand of light (7)
Scrolls
 j - a scroll of brand weapon {unknown}
 l - a scroll of butterflies
 o - 3 scrolls of teleportation
 w - 4 scrolls of immolation
 x - a scroll of fear {unknown}
 y - a scroll of silence {unknown}
 B - a scroll of enchant armour {unknown}
 D - a scroll of blinking {unknown}
 E - a scroll of vulnerability {unknown}
 H - a scroll of identify
Potions
 d - 2 potions of curing
 g - a potion of berserk rage
 m - a potion of magic
 n - 4 potions of flight
 p - a potion of attraction {unknown}
 r - a potion of brilliance {unknown}
 s - a potion of lignification {unknown}
 u - 3 potions of invisibility
 v - a potion of experience {unknown}
 z - 2 potions of cancellation {unknown}
 C - a potion of haste {unknown}
 G - a potion of resistance {unknown}


   Skills:
 + Level 4.4 Fighting
 * Level 10.7 Axes
 + Level 1.9 Armour
 - Level 1.1 Spellcasting
 - Level 3.0 Fire Magic


You had 8 spell levels left.
You knew the following spells:

 Your Spells              Type           Power      Damage    Failure   Level
a - Scorch                Fire           18%        2d5       13%         2

Your spell library contained the following spells:

 Spells                   Type           Power      Damage    Failure   Level
 Conjure Flame            Conj/Fire      4%         6-21      43%         3
 Ignite Poison            Fire/Tmut/Pois 3%         N/A       52%         3
 Sticky Flame             Conj/Fire      4%         2d3       85%         4
 Corpse Rot               Necr/Pois/Air  0%         N/A       96%         4
 Dispel Undead            Necr           0%         3d6       96%         4
 Hailstorm                Conj/Ice       0%         3d3       96%         4
 Ice Form                 Ice/Tmut       0%         N/A       96%         4
 Death Channel            Necr           0%         N/A       100%        6
 Simulacrum               Ice/Necr       0%         N/A       100%        6


Dungeon Overview and Level Annotations

Branches:
Dungeon (9/15)              Sewer (visited)         Ossuary (visited)
 Temple: D:4-7         Lair: D:8-11         Orc: D:9-12

Altars:
Uskayaw

Annotations:
D:4 2 transporters, Javier's ghost, amateur GnWn


Innate Abilities, Weirdness & Mutations

You have razor-sharp teeth.
Your natural rate of healing is unusually fast.
When hurt, damage is shared between your health and your magic reserves.
Your bite disrupts and absorbs the magic of your enemies.
Potions cannot restore your health.


Message History

Okay, then.
Unknown command.
Aiming: Bolt of Light
Press: ? - help, Shift-Dir - straight line, f - you
Okay, then.
Unknown command.
Unknown command.
H - a scroll of identify
Found a stone staircase leading down.
You open the door.
An orc warrior and 2 orcs come into view.
The orc shouts! x2
Found three items.
The orc warrior hits you with a +0 scimitar.
There is an open door here.
You barely miss the orc warrior. You barely miss the orc warrior.
The orc warrior hits you with a +0 scimitar!!
You hit the orc warrior. You burn the orc warrior.
The orc warrior is lightly wounded.
The orc warrior hits you with a +0 scimitar!!
* * * LOW HITPOINT WARNING * * *
Unknown command.
Okay, then.
Okay, then.
Aiming: Bolt of Light
Press: ? - help, Shift-Dir - straight line, f - orc warrior
Aim: an orc warrior, wielding a +0 scimitar and wearing a +0 chain mail (lightly wounded, 68% to hit)
The bolt of light hits the orc warrior!
The orc warrior is heavily wounded.
The orc warrior is blinded.
The bolt of light hits the orc!
You kill the orc!
The orc warrior misses you.
Unknown command.
Unknown command.
You hit the orc warrior but do no damage.
Your bite misses the orc warrior.
The orc warrior is heavily wounded.
The orc warrior hits you with a +0 scimitar!
You die...

...........#
...........#
...........#############
.....>..................
..#...#####...#...#....>
..##.# #####...## ... ##
##..8..## # +.......#
#..#@#..# #.##o##.# #.


?o? .# #.#=?.#.# #.##.## #+# You could see an orc warrior (blind) and an orc.

Vanquished Creatures
  A wyvern (D:7)
  Menkaure (D:6)
  A black bear (D:6)
  A sky beast (D:7)
  2 ogres (D:6)
  2 phantoms (D:5)
  5 bullfrogs (D:7)
  A kobold brigand (D:7)
  A necrophage (D:5)
  2 scorpions
  8 wights
  A howler monkey (D:7)
  2 hounds (D:5)
  5 iguanas
  Terence (D:2)
  An orc wizard (D:8)
  A merfolk siren (Sewer)
  A merfolk avatar (Sewer)
  5 mummies
  7 adders
  4 river rats (Sewer)
  A white imp (D:7)
  7 orcs
  A bat (D:1)
  3 endoplasms (D:4)
  3 giant cockroaches
  A gnoll zombie (Ossuary)
  2 hobgoblins
  2 jackals (D:1)
  2 kobolds
  3 quokkas
  10 ball pythons
  3 frilled lizards
  2 goblins
  A goblin zombie (Ossuary)
  A kobold zombie (Ossuary)
  20 rats (Sewer)
115 creatures vanquished.

Notes
Turn   | Place    | Note
-------+----------+-------------------------------------------
     0 | D:1      | Charmandara the Vine Stalker Cinder Acolyte began the quest
                  | for the Orb.
     0 | D:1      | Reached XP level 1. HP: 11/11 MP: 3/3
    80 | D:1      | Reached skill level 3 in Axes
   274 | D:2      | Reached XP level 2. HP: 10/16 MP: 2/4
   324 | D:2      | Reached XP level 3. HP: 8/19 MP: 5/5
   365 | D:2      | Noticed Terence
   372 | D:2      | Killed Terence
   373 | D:2      | Reached skill level 4 in Axes
   378 | D:2      | Learned a level 2 spell: Scorch
   477 | D:4      | Gained mutation: Your natural rate of healing is unusually
                  | fast. [Vine Stalker growth]
   477 | D:4      | Reached XP level 4. HP: 14/23 MP: 6/6
   496 | D:4      | Found a hide-covered altar of Uskayaw.
   514 | D:4      | Noticed a scorpion
   526 | D:4      | Killed a scorpion
   527 | D:4      | Reached skill level 5 in Axes
   527 | D:4      | Reached XP level 5. HP: 26/27 MP: 5/7
   577 | D:4      | Noticed Javier's ghost (amateur GnWn)
   578 | D:4      | Found a transporter.
   578 | D:4      | Found a transporter.
   578 | D:4      | Identified the +0 great mace of Cataclysm {vorpal, rF+
                  | Stlth+}
   578 | D:4      | Noticed an ogre
   578 | D:4      | Noticed an ogre
   708 | D:5      | Entered Level 5 of the Dungeon
   779 | D:5      | Reached XP level 6. HP: 29/32 MP: 8/8
   849 | D:4      | Reached skill level 6 in Axes
  1016 | D:6      | Reached skill level 7 in Axes
  1016 | D:6      | Reached XP level 7. HP: 31/35 MP: 7/9
  1165 | D:6      | Noticed Menkaure
  1170 | D:6      | Killed Menkaure
  1171 | D:6      | Reached skill level 8 in Axes
  1195 | D:6      | Gained mutation: You have razor-sharp teeth. [Vine Stalker
                  | growth]
  1195 | D:6      | Reached XP level 8. HP: 7/39 MP: 10/10
  1221 | D:6      | Reached skill level 9 in Axes
  1357 | D:6      | Found a glowing drain.
  1388 | Sewer    | Entered a sewer
  1724 | D:7      | Reached skill level 10 in Axes
  1783 | D:7      | Noticed a wyvern
  1793 | D:7      | Killed a wyvern
  1807 | D:7      | Found a sand-covered staircase.
  1813 | D:7      | Reached XP level 9. HP: 45/45 MP: 11/11
  1816 | Ossuary  | Entered an ossuary
  2018 | D:7      | Reached skill level 1 in Armour
  2262 | D:9      | Slain by an orc warrior

Illustrated notes

Levels and vault maps discovered:
D:1:      mainiacjoe_arrival_reflecting_pool, layout_basic
D:2:      layout_loops_corners, uniq_terence
D:3:      minmay_goblin_kobold_castle, layout_loops_ring, gammafunk_ghost_icy
D:4:      layout_loops_cross, mainiacjoe_overflow_surrounded_room,
          minmay_temple_entry_from_below_a, gammafunk_ghost_smash,
          grunt_decor_fettered
D:5:      layout_basic, corexii_leaking_fountain
D:6:      layout_loops_cross, gup_sewer_entry_glass, uniq_menkaure
D:7:      minmay_the_grid_octo_triangle [minmay_the_grid_octo_thin_diamonds,
          minmay_the_grid_octo_prize_single_spiral,
          minmay_the_grid_octo_checkerflower], layout_basic,
          chequers_temple_overflow_minitemple, gup_ossuary_entry_pyramid,
          grunt_ministairs_3
D:8:      layout_loops_corners, uniq_grum, uniq_erica, uniq_gastronok
D:9:      layout_long_grid, david_orc_1_choice

Skill      XL: |  1  2  3  4  5  6  7  8  9 |
---------------+----------------------------+-----
Axes           | 3 4 5 7 8 10 | 10.7
Fighting       | 3 4 |  4.4
Armour         | 1 |  1.9
Spellcasting   | |  1.1
Fire Magic     | |  3.0

Action                   |  1- 3 |  4- 6 |  7- 9 || total
-------------------------+-------+-------+-------++-------
Melee: Hand axe          |    33 |    65 |   251 ||   349
       Bite              |     7 |    13 |    72 ||    92
       Punch             |       |       |     3 ||     3
Throw: Javelin           |       |       |     1 ||     1
 Cast: Scorch            |       |       |     6 ||     6
Invok: Fiery Armour      |     1 |     3 |     2 ||     6
Evoke: Wand              |       |       |     1 ||     1
  Use: Scroll            |     1 |     6 |     3 ||    10
       Potion            |       |       |     1 ||     1
Armor: Leather armour    |     5 |    21 |    67 ||    93
Dodge: Dodged            |    22 |    28 |   122 ||   172
